 Dungeon Crawl Stone Soup version 0.31-a0-774-g0d66cbabe8 (webtiles) character file.

Game seed: 2684208715236439574

1722 stafakn the Cleaver (level 8, 0/70 HPs)
             Began as a Minotaur Fighter on Sept 17, 2023.
             Was an Initiate of Okawaru.
             Slain by a hornet (13 damage)
             ... on level 9 of the Dungeon.
             The game lasted 00:09:52 (5278 turns).

stafakn the Cleaver (Minotaur Fighter)              Turns: 5278, Time: 00:09:52

Health: 0/70       AC:  6    Str: 23    XL:     8   Next: 75%
Magic:  7/7        EV: 11    Int:  5    God:    Okawaru [......]
Gold:   376        SH:  5    Dex: 10    Spells: 7/7 levels left

rFire   + . .        w - +5 hand axe
rCold   + . .        c - +0 buckler
rNeg    . . .        x - +0 ring mail {rF+}
rPois   .            (helmet restricted)
rElec   .            (no cloak)
rCorr   .            (no gloves)
SInv    .            (no boots)
Will    .....        p - amulet of regeneration Stlth
                     (no ring)
HPRegen 1.11/turn    (no ring)
MPRegen 0.10/turn

%: no passive effects
@: slowed, very slow
A: horns 2, retaliatory headbutt, iridescent scales 1, cold resistance 1,
deformed body
a: Renounce Religion


You were on level 9 of the Dungeon.
You worshipped Okawaru.
Okawaru was noncommittal.
You visited 2 branches of the dungeon, and saw 8 of its levels.

You collected 376 gold pieces.

Inventory:

Hand Weapons
 a - a +0 war axe
 w - a +5 hand axe (weapon)
Armour
 b - a +0 scale mail
 c - a +0 buckler (worn)
 x - a +0 ring mail of fire resistance (worn)
Jewellery
 h - a ring of ice
 m - a ring of fire
 p - an amulet of regeneration (around neck)
Wands
 e - a wand of light (4)
Scrolls
 f - 4 scrolls of enchant weapon
 i - a scroll of teleportation
 l - a scroll of fog
 n - a scroll of silence
 o - a scroll of fear
 s - a scroll of revelation
 v - a scroll of vulnerability
Potions
 d - 3 potions of might
 g - 2 potions of heal wounds
 j - a potion of curing
 k - a potion of berserk rage {unknown}
 q - a potion of cancellation
 r - a potion of lignification {unknown}
 t - 2 potions of attraction {unknown}
 u - a potion of enlightenment {unknown}


   Skills:
 + Level 6.1 Fighting
 + Level 8.9 Axes
 + Level 8.1 Armour
 + Level 3.0 Dodging
 + Level 5.6 Shields


You had 7 spell levels left.
You didn't know any spells.
Your spell library contained the following spells:

 Spells                   Type           Power      Damage    Failure   Level
 Apportation              Tloc           0%         N/A       67%         1
 Sandblast                Erth           0%         2d4       67%         1
 Ensorcelled Hibernation  Hex/Ice        0%         N/A       80%         2
 Jinxbite                 Hex            0%         N/A       80%         2
 Passwall                 Tmut/Erth      0%         N/A       80%         2
 Poisonous Vapours        Pois/Air       0%         N/A       80%         2
 Mephitic Cloud           Conj/Pois/Air  0%         N/A       95%         3
 Stone Arrow              Conj/Erth      0%         3d7       95%         3
 Swiftness                Air            0%         N/A       95%         3
 Brom's Barrelling Bould  Conj/Erth      0%         2d3       100%        4
 Alistair's Intoxication  Tmut/Pois      0%         N/A       100%        5
 Freezing Cloud           Conj/Ice/Air   0%         6-21      100%        5


Dungeon Overview and Level Annotations

Branches:
Dungeon (6/15)             Temple (1/1) D:6

Altars:
Ashenzari
Cheibriados
Dithmenos
Elyvilon
Fedhas
Gozag
Hepliaklqana
Kikubaaqudgha
Makhleb
Okawaru
Qazlal
Ru
Sif Muna
Uskayaw
Vehumet
Wu Jian
Xom
Yredelemnul
Zin
The Shining One

Shops:
D:5 *


Innate Abilities, Weirdness & Mutations

You have a pair of horns on your head.
You reflexively headbutt those who attack you in melee.
You are partially covered in iridescent scales. (AC +2)
Your flesh is cold resistant. (rC+)
Armour fits poorly on your strangely shaped body.


Message History

You barely miss the hornet. Your headbutt misses the hornet.
The hornet is lightly wounded.
You feel sick. You block the hornet's attack. The hornet stings you!
You suddenly lose the ability to move!
You feel sick. The hornet stings you!
You feel as though you will be slow longer.
You can move again.
Okay, then.
You feel better. The hornet stings you!
You feel as though you will be slow longer.
The hornet stings you but does no damage.
You miss the hornet. Your headbutt misses the hornet.
The hornet is lightly wounded.
The hornet barely misses you. The hornet stings you!
You are poisoned.
You feel as though you will be slow longer.
You closely miss the hornet.
The hornet is lightly wounded.
You feel very sick.
The hornet stings you but does no damage.
The hornet stings you.
You are more poisoned.
You feel as though you will be slow longer.
The hornet stings you.
* * * LOW HITPOINT WARNING * * *
You are lethally poisoned!
You feel as though you will be slow longer.
You slash the hornet!
The hornet is heavily wounded.
* * * LOW HITPOINT WARNING * * *
You feel extremely sick. The hornet barely misses you. The hornet stings you.
* * * LOW HITPOINT WARNING * * *
You are more poisoned.
You feel as though you will be slow longer.
You feel better. The hornet stings you.
* * * LOW HITPOINT WARNING * * *
You feel as though you will be slow longer.
The hornet stings you!
You die...

..#.# ##.##.#..# ...
....##.........#
..#..#.##.#...#
.###.#.##.#..# )#
#......#.###########.
.#
##.###............$..
.#
#.#...#.............
.#
#..................#
.#
#######.....@y......
.# #........<..... .#
#..#####........ .#
#.. #####.... .# #..#
##. ## #.. . ..# ..
#..


You could see a hornet.

Vanquished Creatures
  Grinder (D:5)
  A yak (D:9)
  A steam dragon (D:6)
  A water moccasin (D:5)
  An ice beast (D:4)
  A black bear (D:6)
  2 ogres
  A phantom (D:4)
  The ghost of Ijustatesigmund the Magician, an amateur DEFE (D:4)
  4 wights (D:6)
  A howler monkey (D:5)
  An orc priest (D:3)
  4 hounds
  An iguana (D:4)
  An orc wizard (D:3)
  A centaur simulacrum (D:4)
  A bullfrog simulacrum (D:4)
  3 gnolls (D:4)
  8 adders
  A white imp (D:6)
  A worm (D:3)
  2 dart slugs
  3 adder simulacra (D:4)
  7 orcs
  8 ball pythons
  3 bats (D:1)
  7 endoplasms
  3 giant cockroaches
  7 goblins
  5 hobgoblins
  3 quokkas
  5 frilled lizards
  5 kobolds
  5 rats
100 creatures vanquished.

Notes
Turn   | Place    | Note
-------+----------+-------------------------------------------
     0 | D:1      | stafakn the Minotaur Fighter began the quest for the Orb.
     0 | D:1      | Reached XP level 1. HP: 19/19 MP: 0/0
   226 | D:1      | Reached XP level 2. HP: 26/27 MP: 1/1
   710 | D:1      | Found a faded altar of an unknown god.
   900 | D:1      | Gained mutation: Armour fits poorly on your strangely
                  | shaped body. [potion of mutation]
   900 | D:1      | Gained mutation: Your flesh is cold resistant. (rC+)
                  | [potion of mutation]
   900 | D:1      | Gained mutation: You are partially covered in iridescent
                  | scales. (AC +2) [potion of mutation]
   954 | D:1      | >
  1198 | D:2      | Reached XP level 3. HP: 33/33 MP: 2/2
  1588 | D:2      | Identified the +10 hand axe "Idarha" {speed, rElec rPois
                  | Dex+3 SInv}
  1838 | D:3      | Reached XP level 4. HP: 38/40 MP: 3/3
  2555 | D:4      | Reached skill level 5 in Armour
  2555 | D:4      | Reached XP level 5. HP: 37/46 MP: 4/4
  2885 | D:4      | Found a blossoming altar of Fedhas.
  2885 | D:4      | Found a shadowy altar of Dithmenos.
  3066 | D:4      | Found a runed translucent gate.
  3075 | D:4      | Found a runed translucent gate.
  3075 | D:4      | Found a runed translucent gate.
  3085 | D:4      | Noticed a phantom
  3093 | D:4      | Reached skill level 5 in Axes
  3097 | D:4      | Killed a phantom
  3098 | D:4      | Reached skill level 1 in Dodging
  3098 | D:4      | Reached XP level 6. HP: 53/53 MP: 5/5
  3129 | D:4      | Noticed an ice beast
  3129 | D:4      | Noticed Ijustatesigmund's ghost (amateur DEFE)
  3529 | D:4      | Killed an ice beast
  3530 | D:4      | Reached XP level 7. HP: 60/60 MP: 6/6
  3531 | D:4      | Killed Ijustatesigmund's ghost
  3581 | D:5      | Entered Level 5 of the Dungeon
  3932 | D:5      | Noticed Grinder
  3932 | D:5      | Paralysed by Grinder for 3 turns
  3939 | D:5      | Killed Grinder
  3940 | D:5      | Reached skill level 5 in Fighting
  4310 | D:5      | Reached skill level 5 in Shields
  4370 | D:5      | Found Dotsa's Serpentskin Sales.
  4387 | D:5      | Reached XP level 8. HP: 17/69 MP: 7/7
  4711 | D:5      | Found a stormy altar of Qazlal.
  4830 | D:6      | Found a staircase to the Ecumenical Temple.
  4855 | Temple   | Entered the Ecumenical Temple
  4865 | Temple   | Became a worshipper of Warmaster Okawaru
  5116 | D:6      | You fall into a shaft and drop 3 floors!
  5202 | D:9      | Noticed a two-headed ogre
  5268 | D:9      | Noticed a hornet
  5272 | D:9      | Paralysed by a hornet for 2 turns
  5278 | D:9      | Slain by a hornet

Illustrated notes

#.# #..........# #.#
##...###.#.# #.# ##..#
#.#.####### #.# #..#
#.........# #.# #..#
###.#####.# ##.# ##..# #.# #.#
#..# ##...#####.#####.## ##.##
##.................. ##..#
##..@....####.#.##.##
##...####.........###......##
#.......'.........+....[.....
###...####........>###....####
####........##.......##
#.#..####
#......#.##.###.....##
#........ #(##...#.##.#
##...## ####.####
......†.....## ##'## #.#
...##♣'♣##...# #.##########.#


Turn 954 on D:1: >

Levels and vault maps discovered:
D:1:      evilmike_arrival_fibonacci_small, layout_loops_corners,
          dilly_ecumenical_altar_fadedgnrine
D:2:      layout_loops_corners
D:3:      layout_loops_ring
D:4:      layout_loops_ring, mainiacjoe_overflow_divided_tiny,
          gammafunk_ghost_icy, dreamdust_gnoll_farm
D:5:      layout_layer_cave, lemuel_coloured_pillars_altar, guppyfry_shop_venom,
          uniq_grinder
D:6:      layout_cave_pools, minmay_temple_entry_ruins
D:9:      layout_cave_pods, grunt_lair_entry_orc_guard_hut,
          kennysheep_orc_monster_closet_entryway, nicolae_letterblocks
          [nicolae_letter_subblock, nicolae_letter_subblock,
          nicolae_letter_subblock, nicolae_letter_subblock,
          nicolae_letter_subblock, nicolae_letter_subblock,
          nicolae_letter_subblock, nicolae_letter_subblock,
          nicolae_letter_subblock, nicolae_letter_subblock,
          nicolae_letter_subblock, nicolae_letter_subblock,
          nicolae_letter_subblock, nicolae_letter_subblock,
          nicolae_letter_subblock, nicolae_letter_subblock,
          nicolae_letter_subblock, nicolae_letter_subblock,
          nicolae_letter_subblock, nicolae_letter_subblock,
          nicolae_letter_subblock, nicolae_letter_subblock,
          nicolae_letter_subblock, nicolae_letter_subblock,
          nicolae_letter_subblock], uniq_psyche, uniq_joseph
Temple:   nicolae_temple_bog_church

Skill      XL: |  1  2  3  4  5  6  7  8 |
---------------+-------------------------+-----
Armour         | 4 5 6 7 8 |  8.1
Shields        | 4 5 |  5.6
Axes           | 3 4 5 6 7 8 |  8.9
Fighting       | 4 5 6 |  6.1
Dodging        | 1 2 3 |  3.0

Action                     |  1- 3 |  4- 6 |  7- 9 || total
---------------------------+-------+-------+-------++-------
  Melee: War axe           |    69 |    79 |    70 ||   218
         Headbutt          |     9 |    12 |    16 ||    37
         Hand axe          |       |       |    10 ||    10
    Use: Scroll            |     5 |     5 |     3 ||    13
         Potion            |     3 |     1 |     3 ||     7
 Armour: Scale mail        |    45 |    51 |    55 ||   151
         Ring mail         |       |       |    15 ||    15
  Dodge: Dodged            |    21 |    37 |    71 ||   129
  Block: Buckler           |    20 |    21 |    24 ||    65

Table legend: (Time is in decaauts)
 A = Elapsed time spent in this place.
 B = Non-inter-level travel time spent in this place.
 C = Inter-level travel time spent in this place.
 D = Time resting spent in this place.
 E = Time spent auto-exploring this place.
 F = Levels seen in this place.
 G = Mean time per level.
                   A        B        C        D        E       F      G
               +--------+--------+--------+--------+--------+-----+--------+
         Total |   5340 |   5232 |    108 |     63 |   4214 |   8 |  667.5 |
       Dungeon |   5319 |   5211 |    108 |     63 |   4214 |   7 |  759.9 |
        Temple |     21 |     21 |      0 |      0 |      0 |   1 |   21.0 |
               +--------+--------+--------+--------+--------+-----+--------+

Top non-repeatable levels by time:
     D:5: 1218 daAuts
     D:4: 1050 daAuts
     D:1: 970 daAuts
     D:2: 888 daAuts
     D:3: 722 daAuts
     D:6: 304 daAuts
     D:9: 163 daAuts
  Temple: 21 daAuts
